[Event "*** SCC Grand Prix: Titled Tuesday Blitz"]
[Site "Chess.com"]
[Date "2020.08.11"]
[Round "10"]
[White "LyonBeast"]
[Black "GadimbayliA"]
[Result "1-0"]
[WhiteElo "3026"]
[BlackElo "2875"]
[TimeControl "180+1"]
[EndTime "11:58:15 PDT"]
[Termination "LyonBeast won by checkmate"]

1. c4 c6 2. Nf3 Nf6 3. e3 d5 4. b3 g6 5. Bb2 Bg7 6. Be2 O-O 7. O-O b6 8. d4 Bb7 9. Nc3 e6 10. a4 a5 11. Ne5 Nfd7 12. f4 Na6 13.
Qd2 Nb4 14. Rad1 Qe7 15. e4 dxc4 16. Nxc4 Rad8 17. e5 c5 18. Nd6 cxd4 19. Ncb5 Bd5 20. Nxd4 Nc5 21. Qe3 Rd7 22. Bb5 Rdd8 23. Ba3 f6 24.
Bxb4 axb4 25. Nc4 Qb7 26. Rf2 Ne4 27. Rc2 Nc3 28. Re1 fxe5 29. Nxe5 Rc8 30. Bd7 Bxe5 31. Bxc8 Bxd4 32. Qxd4 Rxc8 33. Qxb4 Ne4 34. Rxc8+ Qxc8 35. Qxb6 Qc2 36. a5 Nc3 37. Qf2 Qxb3 38. a6 Nb5 39. h4 Qa3 40. Qb6 Qa2 41. Qd8+ Kg7 42. Qe7+ Kg8 43. Qg5 Qxa6 44. h5 Qb6+ 45. Kh2 Qf2 46.
Rc1 Nd6 47. hxg6 hxg6 48. Qxg6+ Kf8 49. Qg5 Nf5 50. Rc8+ Kf7 51. Rc7+ Kf8 52. Qd8# 1-0

[Event "*** SCC Grand Prix: Titled Tuesday Blitz"]
[Site "Chess.com"]
[Date "2020.08.11"]
[Round "10"]
[White "Tashik"]
[Black "Fh2411"]
[Result "1-0"]
[WhiteElo "2398"]
[BlackElo "2539"]
[TimeControl "180+1"]
[EndTime "11:58:16 PDT"]
[Termination "Tashik won by resignation"]

1. c4 c6 2. d4 d5 3. Nf3 Nf6 4.
Nc3 dxc4 5. a4 Bf5 6. Ne5 Na6 7. e3 Nb4 8. Bxc4 e6 9. O-O Be7 10. f3 a5 11. e4 Bg6 12. Be3 O-O 13. Qb3 Qc8 14.
Rac1 Nd7 15. Bxe6 fxe6 16. Qxe6+ Rf7 17. Nxf7 Bxf7 18. Qxe7 Nb6 19. Rcd1 Bb3 20. d5 Nc4 21. Bd4 Qf8 22. Qxf8+ Rxf8 23. Bc5 Rc8 24. Bxb4 axb4 25. Rc1 Nxb2 26. dxc6 bxc6 27. Nd5 Nd3 28. Rxc6 Rxc6 29. Ne7+ Kf7 30. Nxc6 Bxa4 31. Nd4 b3 32. Nxb3 Bxb3 33. Rb1 Nc5 34. Kf2 Be6 35. Ke3 h5 36. Rb5 Nd7 37. Rxh5 Nf6 38. Ra5 Kg6 39. g4 Kf7 40. h3 Nh7 41. f4 Bd7 42. Ra7 Ke8 43. f5 Nf6 44. e5 Nd5+ 45. Kd4 Nf4 46. e6 Bxe6 47. fxe6 Nxe6+ 48. Ke5 1-0

[Event "*** SCC Grand Prix: Titled Tuesday Blitz"]
[Site "Chess.com"]
[Date "2020.08.11"]
[Round "10"]
[White "ethylalcohol"]
[Black "TheMightyBishops"]
[Result "0-1"]
[WhiteElo "2159"]
[BlackElo "2021"]
[TimeControl "180+1"]
[EndTime "11:58:16 PDT"]
[Termination "TheMightyBishops won by checkmate"]

1. d4 d6 2. e4 Nf6 3. Nc3 Nbd7 4. Bc4 e5 5. Nf3 Be7 6. Qe2 h6 7. O-O c6 8. dxe5 dxe5 9. Nh4 g6 10. Rd1 Qc7 11.
Be3 h5 12. Bg5 Nf8 13. h3 Ne6 14. Be3 b5 15. Nxb5 cxb5 16. Bxb5+ Kf8 17. Qf3 Kg7 18. Qg3 Ng4 19. hxg4 hxg4 20. Nf5+ gxf5 21. exf5 Nd4 22. Qxg4+ Kf8 23. Rxd4 exd4 24. Bxd4 Qh2+ 25. Kf1 Rg8 26. Qf3 Rb8 27. Qc6 Bb7 28. Qc7 Bxg2+ 29. Ke2 Qxc7 30. f6 Qxc2+ 31. Ke3 Bxf6 32. Bxf6 Qe4+ 33. Kd2 Rxb5 34. Re1 Rd5+ 35. Kc3 Qxe1+ 36. Kb3 Rg4 37. Bc3 Qe4 38. a3 Qc4+ 39. Kc2 Re4 40. b3 Re2+ 41. Kc1 Qxc3+ 42. Kb1 Qb2# 0-1

[Event "*** SCC Grand Prix: Titled Tuesday Blitz"]
[Site "Chess.com"]
[Date "2020.08.11"]
[Round "10"]
[White "ailime26"]
[Black "beto-betun"]
[Result "0-1"]
[WhiteElo "1901"]
[BlackElo "2154"]
[TimeControl "180+1"]
[EndTime "11:58:16 PDT"]
[Termination "beto-betun won on time"]

1. e4 c5 2. Nf3 d6 3. d4 cxd4 4.
Nxd4 Nf6 5. Nc3 a6 6. Be3 e5 7.
Nb3 Be7 8. f3 h5 9. Qd2 Be6 10.
h3 Nbd7 11. O-O-O b5 12. Nd5 Nxd5 13. exd5 Bf5 14. Be2 Rc8 15. Bd3 Bxd3 16. Qxd3 Bg5 17. g4 Bxe3+ 18. Qxe3 Qc7 19. Qe2 Nb6 20. f4 Qc4 21.
Rhe1 hxg4 22. fxe5 Qxe2 23. Rxe2 gxh3 24. exd6+ Kd7 25. Re7+ Kxd6 26. Rxf7 h2 27. Rff1 Nc4 28. Rfe1 Ne3 29. Rxe3 h1=Q 30. Re6+ Kd7 31. Rxh1 Rxh1+ 32. Kd2 Rh2+ 33. Kd3 Rcxc2 34. Rxa6 Rxb2 35. Nc5+ Ke8 36. Ra8+ Ke7 37. Ne4 Rh3+ 38. Kd4 Rb4+ 39. Ke5 Rh5+ 40.
Kf4 Rh4+ 41. Kf5 Rhxe4 0-1

[Event "*** SCC Grand Prix: Titled Tuesday Blitz"]
[Site "Chess.com"]
[Date "2020.08.11"]
[Round "10"]
[White "Region_07"]
[Black "Quiet_Desperation"]
[Result "0-1"]
[WhiteElo "2394"]
[BlackElo "2296"]
[TimeControl "180+1"]
[EndTime "11:58:19 PDT"]
[Termination "Quiet_Desperation won on time"]

1. d4 d5 2. Bg5 Nf6 3. e3 e6 4. Nf3 Be7 5. c4 O-O 6. Nc3 c6 7. Qb3 Nbd7 8. Be2 dxc4 9. Bxc4 h6 10. Bh4 Nb6 11. Be2 a5 12. a3 a4 13. Qa2 Nbd5 14.
O-O g5 15. Bg3 Nxc3 16. bxc3 Ne4 17. Qc2 f5 18. Be5 g4 19. Nd2 Nxd2 20. Qxd2 Bd6 21.
Bf4 h5 22. Bc4 Qc7 23. f3 Bd7 24. fxg4 hxg4 25. Qf2 Rf7 26. Qg3 Bxf4 27. exf4 Qd6 28. Rfe1 c5 29. Qf2 Rc8 30. dxc5 Qxc5 31. Bxe6 Bxe6 32.
Rxe6 Qxf2+ 33. Kxf2 Rxc3 34. Re8+ Kg7 35. Ra8 Rd7 36.
Re1 Rxa3 37. Ra5 Rd2+ 38. Kf1 Raa2 39. Rb5 Rf2+ 40. Kg1 Rxg2+ 41. Kh1 Rxh2+ 42. Kg1 Rag2+ 43. Kf1 g3 44. Rxb7+ Kg6 45. Re6+ Kh5 46. Rh7+ Kg4 0-1

[Event "*** SCC Grand Prix: Titled Tuesday Blitz"]
[Site "Chess.com"]
[Date "2020.08.11"]
[Round "10"]
[White "ManuDavid2910"]
[Black "GigaQuparadze"]
[Result "0-1"]
[WhiteElo "2650"]
[BlackElo "2910"]
[TimeControl "180+1"]
[EndTime "11:58:21 PDT"]
[Termination "GigaQuparadze won by resignation"]

1. e4 c5 2. Nf3 Nc6 3. d4 cxd4 4. Nxd4 Qc7 5. Nc3 e6 6. a3 a6 7. Be3 Nf6 8. Be2 Be7 9. O-O O-O 10. Kh1 d6 11. f4 Nxd4 12. Bxd4 e5 13. Be3 exf4 14. Bxf4 Be6 15. Bf3 Rac8 16. Qd2 Nd7 17. Rad1 Ne5 18. Bg3 Nc4 19. Qc1 Nxb2 20. Qxb2 Qxc3 21. Qxb7 Rc7 22.
Qxa6 Bc4 23. Qb6 Bxf1 24. Rxf1 Qxc2 25. e5 Qc4 26. Rd1 dxe5 27. Bxe5 Rc5 28. Ba1 Rb5 29. Qe3 Bg5 30. Qe1 Qa2 31. Qf1 Ra5 32. Bc3 Rf5 33. Qd3 Rf4 34. Bb4 Re8 35. Qb5 Qe6 36. Bc6 Rd8 37.
Re1 Qc4 38. g3 Qxb5 39. Bxb5 Rfd4 40. Ba5 Rd1 41. Kg2 Rxe1 42. Bxe1 Rd5 43. a4 Bd8 44.
h4 Rd4 45. Bf2 Rb4 46. Kf3 h5 47. Bc5 Rb3+ 48. Kg2 Bc7 49. Bf2 g6 50. Bc4 Ra3 51.
Bb5 Kg7 52. Bd4+ f6 53. Bf2 Be5 54. Kh3 g5 55. hxg5 fxg5 56. Be8 h4 57. Bc5 0-1

[Event "*** SCC Grand Prix: Titled Tuesday Blitz"]
[Site "Chess.com"]
[Date "2020.08.11"]
[Round "10"]
[White "Isajevsky_Anton"]
[Black "Vuk2000"]
[Result "0-1"]
[WhiteElo "2610"]
[BlackElo "2735"]
[TimeControl "180+1"]
[EndTime "11:58:21 PDT"]
[Termination "Vuk2000 won on time"]

1. c4 e5 2. g3 Nc6 3. Bg2 g6 4. Nc3 Bg7 5. e4 d6 6. Nge2 Be6 7. d3 Qd7 8. h3 Nge7 9. Rb1 a6 10.
b4 O-O 11. a4 f5 12. exf5 Nxf5 13. O-O Nfd4 14. Nxd4 exd4 15. Nd5 Bxh3 16. b5 axb5 17. axb5 Ne5 18. f4 Bxg2 19. Kxg2 Ng4 20. Nxc7 Ra2+ 21.
Kg1 Nh2 22. Rf2 Rxf2 23. Kxf2 Qh3 24. Qg1 Ng4+ 25. Ke2 Qh5 26. Kd2 Ne3 27. Ba3 Rc8 28.
Bxd6 Qf3 29. b6 Rd8 30. c5 Nf5 31. Re1 Nxd6 32. cxd6 Rxd6 33. Re8+ Kf7 34. Qe1 Bf6 35. Rb8 Qc6 36. Qe8+ Qxe8 37. Rxe8 Rxb6 38. Rb8 Rb2+ 39.
Kc1 Rb3 40. Kd2 Be7 41. Nd5 Bd6 42. Rd8 Ke6 0-1

[Event "*** SCC Grand Prix: Titled Tuesday Blitz"]
[Site "Chess.com"]
[Date "2020.08.11"]
[Round "10"]
[White "sergeikim"]
[Black "ClydeHillKid"]
[Result "0-1"]
[WhiteElo "2448"]
[BlackElo "2346"]
[TimeControl "180+1"]
[EndTime "11:58:21 PDT"]
[Termination "ClydeHillKid won on time"]

1. d4 d5 2. c4 e6 3. Nc3 Nf6 4. Nf3 c6 5. e3 Nbd7 6. Bd3 Bd6 7.
O-O dxc4 8. Bxc4 b5 9. Bb3 Bb7 10. Qe2 a6 11. e4 e5 12. Rd1 Qe7 13. Bg5 O-O 14. a3 exd4 15. Rxd4 c5 16. Nd5 Bxd5 17. Rxd5 Nb6 18. Rd2 Qxe4 19. Qd1 Be7 20. Re2 Qb7 21. Ne5 c4 22. Bc2 Rad8 23. Qe1 Nbd5 24. h3 h6 25. Bh4 Nf4 26. Be4 Nxe2+ 27. Qxe2 Nd5 28. Bg3 Bf6 29. Ng4 Qe7 30. Qf3 Bxb2 31. Re1 Qc5 32. Qf5 g6 33. Nxh6+ Kg7 34. Qg4 Kxh6 35. Qh4+ Kg7 36. Qg4 Nf6 37. Qf3 Nxe4 38. Rxe4 Bf6 39. Kh2 Rfe8 40. Rf4 Re6 41. Qg4 Rde8 42. h4 Qh5 43. Qh3 Be5 44. Rg4 Bxg3+ 45.
Rxg3 Re4 0-1

[Event "*** SCC Grand Prix: Titled Tuesday Blitz"]
[Site "Chess.com"]
[Date "2020.08.11"]
[Round "10"]
[White "Bastiandash"]
[Black "MestreSoares"]
[Result "1-0"]
[WhiteElo "2276"]
[BlackElo "2144"]
[TimeControl "180+1"]
[EndTime "11:58:25 PDT"]
[Termination "Bastiandash won by resignation"]

1. e4 Nf6 2. e5 Nd5 3. d4 d6 4.
exd6 exd6 5. Nf3 Be7 6. Bd3 Bg4 7. h3 Bh5 8. Nc3 Nxc3 9. bxc3 Bg6 10. O-O O-O 11. Bf4 Nd7 12. Re1 Re8 13. Rb1 b6 14. Qd2 Bf6 15. Re2 Rxe2 16. Qxe2 Qe8 17.
Qd2 Qf8 18. Re1 Re8 19. Bb5 Rxe1+ 20. Qxe1 Qd8 21. Bd3 Nf8 22. Qe2 Qe7 23. Qd2 Ne6 24.
Be3 c5 25. Bxg6 hxg6 26. Qd3 Nf8 27. a4 Qd7 28. a5 Ne6 29. axb6 axb6 30. Qa6 Qc7 31. g3 Nd8 32. Kg2 Qb7 33. Qb5 Qc6 34. Qb3 c4 35. Qa3 b5 36. g4 Be7 37. Qa7 Qb7 38.
Qa5 Nc6 39. Qa2 f6 40. Kg1 g5 41. Nd2 d5 42. f4 gxf4 43. Bxf4 b4 44. cxb4 Nxb4 45.
Qa4 Kf7 46. Nf3 Qd7 47. Qxd7 Nxc2 48. Qxd5+ Kf8 49. Qxc4 Nxd4 50. Qxd4 1-0

[Event "*** SCC Grand Prix: Titled Tuesday Blitz"]
[Site "Chess.com"]
[Date "2020.08.11"]
[Round "10"]
[White "Politov_Pavel"]
[Black "GukeshDommaraju"]
[Result "1-0"]
[WhiteElo "2156"]
[BlackElo "2653"]
[TimeControl "180+1"]
[EndTime "11:58:27 PDT"]
[Termination "Politov_Pavel won by resignation"]

1. d4 d5 2. c4 e6 3. Nc3 c5 4.
cxd5 exd5 5. Nf3 Nf6 6. g3 Nc6 7. Bg2 cxd4 8. Nxd4 Bc5 9. Nxc6 bxc6 10. O-O O-O 11. Na4 Bb6 12. b4 Re8 13. Bb2 Ba6 14. Bf3 Qe7 15. Nxb6 axb6 16. Qd4 Rab8 17. Rac1 c5 18.
Qf4 d4 19. bxc5 bxc5 20. Ba3 Rbc8 21. Rfe1 d3 22. exd3 Qxe1+ 23. Rxe1 Rxe1+ 24. Kg2 Bxd3 25. Bb7 Bf1+ 26. Kf3 Rd8 27. Bxc5 h6 28. h4 Be2+ 29. Kg2 Rdd1 30. Bd4 Rg1+ 31. Kh2 Ng4+ 32. Kh3 Rh1+ 33. Bxh1 Rxh1+ 34. Kg2 Rh2+ 35. Kg1 h5 36. Qe4 Bb5 37.
Qa8+ Kh7 38. Qd5 Be2 39. Qxh5+ Kg8 40. Qf5 Bd1 41. Qc8+ Kh7 42. Qf5+ Kg8 43. Qg5 f6 44. Qf5 Be2 45. Qe6+ 1-0

[Event "*** SCC Grand Prix: Titled Tuesday Blitz"]
[Site "Chess.com"]
[Date "2020.08.11"]
[Round "10"]
[White "Ole83"]
[Black "Schandenfreude"]
[Result "1-0"]
[WhiteElo "2381"]
[BlackElo "2523"]
[TimeControl "180+1"]
[EndTime "11:58:27 PDT"]
[Termination "Ole83 won on time"]

1. c4 b6 2. Nc3 Bb7 3. e4 c5 4.
Nf3 d6 5. g3 Nf6 6. d3 e6 7. Bg2 Be7 8. O-O O-O 9. Re1 Nbd7 10. Bf4 Ng4 11. h3 Nge5 12. Rc1 a6 13. b3 Rc8 14. d4 Nxf3+ 15. Bxf3 cxd4 16. Ne2 e5 17. Bd2 Nc5 18. Bb4 a5 19. Bxc5 dxc5 20. Qd3 a4 21.
Rcd1 axb3 22. axb3 Ra8 23. Ra1 Qd7 24. Bg2 Rxa1 25.
Rxa1 Ra8 26. Rb1 Ra3 27. Nc1 Bc6 28. h4 Qa7 29. Kh2 Ra1 30. Qc2 Rxb1 31. Qxb1 Qa3 32.
Nd3 Bd6 33. f3 f6 34. Bh3 g6 35. Be6+ Kg7 36. h5 b5 37. Kh3 b4 38. Qd1 Qa7 39.
Bg4 Bd7 40. Bxd7 Qxd7+ 41. Kg2 Qa7 42. hxg6 hxg6 43. Qb1 Qa3 44. Kh3 Kf7 45. Kg2 Ke6 46. Nf2 f5 47. g4 f4 48. Nd3 Be7 49. Kh3 Qa8 50. Qe1 Qa2 51. Qd1 Bd6 52. g5 Be7 53. Qg1 Qd2 54. Qg4+ Kd6 55. Nxe5 Qf2 56. Nxg6 Qf1+ 57.
Kh2 1-0

[Event "*** SCC Grand Prix: Titled Tuesday Blitz"]
[Site "Chess.com"]
[Date "2020.08.11"]
[Round "10"]
[White "ahachess"]
[Black "shnitez"]
[Result "0-1"]
[WhiteElo "2299"]
[BlackElo "2461"]
[TimeControl "180+1"]
[EndTime "11:58:30 PDT"]
[Termination "shnitez won by resignation"]

1. d4 Nf6 2. c4 c5 3. d5 e5 4. Nc3 d6 5. g3 Be7 6. Bg2 Nbd7 7. Nf3 Nf8 8. e4 Ng6 9. Qd3 h5 10. h4 a6 11. Bd2 Rb8 12. Ng5 Bd7 13. a3 O-O 14.
O-O b5 15. cxb5 axb5 16. b4 c4 17. Qe2 Qe8 18. Rfb1 Bd8 19. Bh3 Ng4 20. f3 Bb6+ 21. Kg2 Nf2 22. Bxd7 Qxd7 23. Be3 Bxe3 24. Qxe3 Nd3 25.
Nh3 Ra8 26. Qg5 Ra6 27. Qxh5 Rfa8 28. Ng5 Ngf4+ 29. gxf4 Nxf4+ 30. Kf2 Nxh5 31. a4 bxa4 32. b5 Ra5 33. b6 Nf4 34. Rb4 f6 35. b7 Rb8 36. Rxc4 fxg5 37. hxg5 Rxb7 38. Rh1 Rb2+ 39. Ke3 Rb3 40. g6 Rxc3+ 41. Rxc3 Rc5 42. Ra3 Qa7 43. Kd2 Rb5 44. Rh2 Qd4+ 45. Kc1 Qc5+ 46. Rc2 Qxa3+ 47. Kd2 Rb2 0-1

[Event "*** SCC Grand Prix: Titled Tuesday Blitz"]
[Site "Chess.com"]
[Date "2020.08.11"]
[Round "10"]
[White "belisarius64"]
[Black "AldokhinIvan"]
[Result "1-0"]
[WhiteElo "2708"]
[BlackElo "2535"]
[TimeControl "180+1"]
[EndTime "11:58:31 PDT"]
[Termination "belisarius64 won on time"]

1. e4 c5 2. Nf3 e6 3. d4 cxd4 4. Nxd4 a6 5. Bd3 Qc7 6. c4 Nf6 7. Nc3 d6 8. O-O Be7 9. f4 Nbd7 10. f5 Ne5 11. b3 Qc5 12. Be2 O-O 13. Be3 Qc7 14.
Rc1 Bd7 15. g4 h6 16. Rf2 Rac8 17. g5 hxg5 18. Bxg5 Rce8 19. Rg2 Nh7 20. Bxe7 Rxe7 21. Qd2 Kh8 22. Kh1 Nc6 23. Rcg1 f6 24. fxe6 Bxe6 25. Nxe6 Rxe6 26. Nd5 Qf7 27. Nf4 g5 28. Bh5 Qd7 29. Ng6+ Kg7 30. Nxf8 Nxf8 31. Bg4 Ne5 32. Bxe6 Nxe6 33. Rf1 Kg6 34. Rf5 Qe7 35. Kg1 Ng7 36.
Rf1 g4 37. Qf4 Ne6 38. Rxg4+ Nxg4 39. Qxg4+ Ng5 40. h4 Qxe4 41. Qxe4+ Nxe4 42. Kg2 f5 43. Rh1 Kh5 44. Kf3 Nc3 45. Ke3 Nxa2 46. Rf1 Nb4 47. Rxf5+ Kxh4 48. Rf7 b5 49. Rb7 Nc2+ 50. Kd3 Na3 51.
Rb6 bxc4+ 52. bxc4 a5 53. Rb3 1-0

[Event "*** SCC Grand Prix: Titled Tuesday Blitz"]
[Site "Chess.com"]
[Date "2020.08.11"]
[Round "10"]
[White "TokChess"]
[Black "tan275"]
[Result "1/2-1/2"]
[WhiteElo "2395"]
[BlackElo "2249"]
[TimeControl "180+1"]
[EndTime "11:58:31 PDT"]
[Termination "Game drawn by stalemate"]

1. Nf3 d5 2. g3 c5 3. Bg2 Nc6 4. d4 cxd4 5. Nxd4 Nf6 6. O-O g6 7. c4 Bg7 8. cxd5 Nxd5 9. Nxc6 bxc6 10. Qc2 Qb6 11. a3 O-O 12. e4 Nc7 13. Nc3 Ba6 14. Be3 Qa5 15. Rfd1 Rfd8 16. Rxd8+ Rxd8 17. Rd1 Ne6 18.
Rxd8+ Qxd8 19. Bf1 Bxf1 20. Kxf1 Nd4 21. Qd3 c5 22.
Ne2 Qb6 23. b4 e5 24. bxc5 Qxc5 25. Bxd4 exd4 26. f4 h6 27. e5 g5 28. Nxd4 gxf4 29. gxf4 Qc1+ 30. Kg2 Qxf4 31. Nc6 Qg4+ 32. Kf2 Qh4+ 33.
Kg2 Qg4+ 34. Kf2 Qf4+ 35. Qf3 Bxe5 36. Qxf4 Bxf4 37. Nxa7 Bxh2 38. Nc6 Bc7 39. a4 h5 40. a5 Bxa5 41. Nxa5 Kg7 42. Nc6 Kg6 43. Kf3 f5 44.
Ne7+ Kf6 45. Nxf5 Kxf5 46. Kg3 Kg5 47. Kh3 h4 48. Kg2 Kg4 49. Kh2 h3 50. Kg1 Kh4 51.
Kh1 Kg3 52. Kg1 Kf3 53. Kh1 Kg3 54. Kg1 h2+ 55. Kh1 Kh3 1/2-1/2

[Event "*** SCC Grand Prix: Titled Tuesday Blitz"]
[Site "Chess.com"]
[Date "2020.08.11"]
[Round "10"]
[White "Micki-taryan"]
[Black "chito89"]
[Result "0-1"]
[WhiteElo "3018"]
[BlackElo "2777"]
[TimeControl "180+1"]
[EndTime "11:58:32 PDT"]
[Termination "chito89 won by checkmate"]

1. d4 Nf6 2. Nf3 e6 3. c4 Bb4+ 4. Bd2 a5 5. g3 O-O 6. Bg2 d5 7. Qc2 c5 8. dxc5 d4 9. O-O Bxc5 10. Bg5 h6 11. Bxf6 Qxf6 12. Nbd2 Nc6 13. a3 e5 14. Ne1 Qe7 15. Nd3 f5 16. Bd5+ Kh8 17. Rab1 Bd6 18. c5 Bc7 19. f3 Be6 20. Bxe6 Qxe6 21. Qc4 Qe7 22. Nf2 Qg5 23. Qc2 Rad8 24. b4 axb4 25.
axb4 d3 26. Nxd3 Qe3+ 27. Rf2 e4 28. Nc4 exd3 29. exd3 Qxd3 30. Qxd3 Rxd3 31. b5 Ne5 32. Nb2 Rxf3 33. Re2 Rc3 34. b6 Bb8 35. Na4 Rc4 36.
Ra1 f4 37. gxf4 Rcxf4 38. Nc3 Nf3+ 39. Kh1 Be5 40. Rc1 Bxc3 41. Rxc3 Nd4 42. Re7 R8f7 43. Rce3 Nc6 44. Rc7 Kh7 45. Kg2 Nd4 46. Rd3 Rf2+ 47. Kg3 Ne2+ 48. Kg4 h5+ 49. Kg5 Rg2+ 50. Kxh5 Nf4+ 51.
Kh4 g5# 0-1

[Event "*** SCC Grand Prix: Titled Tuesday Blitz"]
[Site "Chess.com"]
[Date "2020.08.11"]
[Round "10"]
[White "Sekar24"]
[Black "Leonid_Starozhilov"]
[Result "1-0"]
[WhiteElo "2529"]
[BlackElo "2687"]
[TimeControl "180+1"]
[EndTime "11:58:32 PDT"]
[Termination "Sekar24 won by checkmate"]

1. e4 g6 2. d4 Bg7 3. Nf3 d6 4. Nc3 Nf6 5. Be3 O-O 6. Qd2 Bg4 7. O-O-O Nc6 8. d5 Ne5 9. Be2 Bxf3 10. gxf3 c6 11.
h4 Qa5 12. Kb1 Rfc8 13. h5 cxd5 14. exd5 Rxc3 15. Qxc3 Qxc3 16. bxc3 Rc8 17. hxg6 hxg6 18. Bd4 Ned7 19. Kb2 Nb6 20. c4 Nxc4+ 21. Bxc4 Rxc4 22. c3 Nh5 23. Rhe1 Kf8 24. Bxg7+ Nxg7 25. Re4 Rc7 26. Kb3 Nf5 27. Rc4 Rxc4 28. Kxc4 Ke8 29. Rb1 b6 30. Kb5 Nh4 31. Ka6 Nxf3 32. Kxa7 Ne5 33.
Rxb6 f5 34. Kb7 Nc4 35. Rb4 Na3 36. Ra4 Nb5 37. c4 Nd4 38. Rb4 g5 39. a4 Nc2 40.
Rb2 Na3 41. Rb4 Nc2 42. Rb3 g4 43. a5 f4 44. a6 Nd4 45. Rd3 Nf5 46. a7 g3 47.
fxg3 fxg3 48. a8=Q+ Kf7 49. Rf3 Kf6 50. Qf8+ Ke5 51. Qxf5+ Kd4 52. Qd3+ Kc5 53. Rxg3 e5 54. dxe6 Kb4 55. Qd5 Ka4 56. Qb5# 1-0

[Event "*** SCC Grand Prix: Titled Tuesday Blitz"]
[Site "Chess.com"]
[Date "2020.08.11"]
[Round "10"]
[White "RaunakSadhwani2005"]
[Black "abykhovsky"]
[Result "1-0"]
[WhiteElo "2951"]
[BlackElo "2762"]
[TimeControl "180+1"]
[EndTime "11:58:33 PDT"]
[Termination "RaunakSadhwani2005 won by resignation"]

1. d4 Nf6 2. Bf4 g6 3. Nc3 d5 4. e3 Bg7 5. h4 h5 6. Nf3 Bg4 7. Qd2 Bxf3 8. gxf3 e6 9. e4 O-O 10. Bg5 Qd7 11. Bh3 c6 12. O-O-O b5 13. Qe3 a5 14.
Rhg1 a4 15. Ne2 b4 16. Nf4 Kh7 17. e5 Ng8 18. Qd3 c5 19. dxc5 Bxe5 20. Nxh5 b3 21. cxb3 Na6 22. Qe2 Qc7 23. Kb1 axb3 24. a3 Nb4 25. f4 Bh8 26. f5 exf5 27. Bxf5 Nc2 28. Nf6+ Bxf6 29. Qh5+ Kg7 30. Bxg6 fxg6 31. Bh6+ Kh8 32.
Rxg6 Qh7 33. Rdg1 Nxa3+ 34. bxa3 Rxa3 35. Bg7+ Bxg7 36. Qxh7+ Kxh7 37. Rxg7+ Kh8 38. R7g5 Nf6 39. Kb2 Ra2+ 40. Kxb3 Rxf2 41. Rg6 Rf3+ 42. Kb4 Rf4+ 43. Kb5 Rxh4 44. c6 Nh7 45. c7 Rc4 46. Rc6 Rxc6 47.
Kxc6 Nf6 48. Rf1 Kg7 49. Rb1 Rc8 50. Rb8 Rxc7+ 51. Kxc7 Kg6 52. Kd6 Kf5 53. Rb4 1-0

[Event "*** SCC Grand Prix: Titled Tuesday Blitz"]
[Site "Chess.com"]
[Date "2020.08.11"]
[Round "10"]
[White "PavelShkapenko"]
[Black "Grieve72"]
[Result "0-1"]
[WhiteElo "2659"]
[BlackElo "2408"]
[TimeControl "180+1"]
[EndTime "11:58:34 PDT"]
[Termination "Grieve72 won by resignation"]

1. e4 c5 2. c3 Nf6 3. e5 Nd5 4. d4 cxd4 5. cxd4 e6 6. Nc3 Nxc3 7. bxc3 d6 8. f4 Be7 9. Bd3 O-O 10. Nf3 b6 11. O-O Ba6 12. Bxa6 Nxa6 13. Qd3 Nc7 14. f5 dxe5 15. Nxe5 Bf6 16. Ng4 Nd5 17. fxe6 fxe6 18. Nxf6+ Rxf6 19. Bd2 Qd6 20. Rxf6 Nxf6 21. Re1 Re8 22. Bg5 Nd7 23. Qe4 e5 24. Bf4 Nf6 25.
dxe5 Nxe4 26. exd6 Nxd6 27. Rd1 Ne4 28. Rd3 Kf7 29. h3 Rc8 30. Be5 g6 31. Bd4 Ke6 32. Re3 Kd5 33. Rf3 Kc4 34. Be5 a5 35. Rf4 Kd3 36. Rf3+ Kc2 37. a4 Nxc3 38. Rf4 Kb3 39.
Rf6 Nxa4 40. Bd4 b5 41. Rf3+ Nc3 42. Rf7 b4 43. Kh2 a4 44. Rb7 Rc4 45. Be5 a3 46. Bd6 a2 47. Ra7 Na4 48. Be5 Rc3 49. Bxc3 bxc3 50.
Rb7+ Kc2 51. Ra7 a1=Q 0-1

[Event "*** SCC Grand Prix: Titled Tuesday Blitz"]
[Site "Chess.com"]
[Date "2020.08.11"]
[Round "10"]
[White "ArjunErigaisi2003"]
[Black "Msb2"]
[Result "0-1"]
[WhiteElo "3003"]
[BlackElo "2829"]
[TimeControl "180+1"]
[EndTime "11:58:35 PDT"]
[Termination "Msb2 won by resignation"]

1. d4 d5 2. c4 c6 3. Nf3 Nf6 4. e3 Bf5 5. Nc3 e6 6. Nh4 Be4 7. f3 Bg6 8. Qb3 Qc7 9. Bd2 Be7 10. g3 O-O 11. Rc1 dxc4 12. Bxc4 Nbd7 13. O-O e5 14. Nxg6 hxg6 15. d5 b5 16. Be2 Nc5 17. Qc2 cxd5 18.
Nxb5 Qd7 19. b4 Ne6 20. Qc6 Rfd8 21. a3 a6 22. Nc7 Nxc7 23. Qxc7 Qe8 24. Qxe5 Ra7 25.
Qd4 Raa8 26. Bc3 Qa4 27. Bb2 Re8 28. Qd1 Qd7 29. Bd4 Bd6 30. Kg2 Be5 31. Rc3 Re6 32. Bxe5 Rxe5 33. Qd4 Rae8 34. Bxa6 g5 35. h3 Nh5 36.
Bd3 Qd6 37. f4 gxf4 38. exf4 R5e7 39. b5 g6 40. Rc6 Qxa3 41. Qc3 Qa8 42. g4 Ng7 43. f5 gxf5 44. gxf5 Re3 45. Qd4 Qa3 46. Rc3 Qd6 47. Qf4 Qf6 48. Rb3 Kh8 49. Rf3 Re1 50. Rf1 Nh5 51. Qf3 Rg8+ 52. Kh2 Qe5+ 53. Kh1 Ng3+ 0-1

[Event "*** SCC Grand Prix: Titled Tuesday Blitz"]
[Site "Chess.com"]
[Date "2020.08.11"]
[Round "10"]
[White "emperor87"]
[Black "Vsevolod_Ovchinnikov"]
[Result "1/2-1/2"]
[WhiteElo "2622"]
[BlackElo "2461"]
[TimeControl "180+1"]
[EndTime "11:58:35 PDT"]
[Termination "Game drawn by repetition"]

1. d4 Nf6 2. Nf3 g6 3. g3 Bg7 4. Bg2 d5 5. O-O O-O 6. c4 dxc4 7. Na3 Nc6 8. Nxc4 Be6 9. b3 Bd5 10. Bb2 a5 11. Nfe5 Bxg2 12. Kxg2 Nxe5 13. dxe5 Nd5 14. e4 Nb4 15. Qe2 Qd3 16. Rfe1 Rfd8 17. f4 a4 18. Qxd3 Rxd3 19. Red1 axb3 20. axb3 Rxa1 21. Rxa1 Rxb3 22. Ra8+ Bf8 23. Bd4 b6 24. f5 Nc6 25. Be3 Rxe3 26. Nxe3 Nxe5 27. Nd5 c6 28. Nxe7+ Kg7 29. f6+ Kxf6 30.
Nxc6 Bc5 31. Nxe5 Kxe5 32. Kf3 h5 33. h3 Ke6 34. Rb8 Ke5 35. Rb7 Ke6 36. g4 hxg4+ 37. Kxg4 Kf6 38. h4 Ke6 39. e5 Bd4 40. Kg5 Be3+ 41.
Kg4 Bd4 42. Kf3 Bc5 43. Ke4 Bf2 44. Rb8 Ke7 45. Rh8 Bc5 46. Kd5 Bf2 47. Rb8 Bxh4 48. Rxb6 Kf8 49. Rb7 Bg5 50. Ke4 Be7 51. Kd5 Bg5 52.
Kd6 Bf4 53. Kd5 Bg5 1/2-1/2

[Event "*** SCC Grand Prix: Titled Tuesday Blitz"]
[Site "Chess.com"]
[Date "2020.08.11"]
[Round "10"]
[White "tk22h"]
[Black "esrosenberg"]
[Result "1-0"]
[WhiteElo "2368"]
[BlackElo "2181"]
[TimeControl "180+1"]
[EndTime "11:58:35 PDT"]
[Termination "tk22h won by checkmate"]

1. c4 e5 2. Nc3 Bb4 3. Nf3 Bxc3 4. dxc3 Nc6 5. g3 Nf6 6. Bg2 h6 7. O-O O-O 8. c5 Qe7 9. b4 a6 10. a3 Re8 11. Bb2 e4 12. Nd4 e3 13. fxe3 Qxe3+ 14. Kh1 Ng4 15. Qe1 Nxd4 16. cxd4 Qxe2 17. Bc3 d6 18. Qxe2 Rxe2 19. Rae1 Rxe1 20. Rxe1 Kf8 21. cxd6 cxd6 22. b5 axb5 23. Bb4 Ra6 24. Rc1 Be6 25. Bxb7 Rb6 26. Bf3 Nf2+ 27. Kg2 Nd3 28. Rc7 Nxb4 29.
axb4 g5 30. d5 Bf5 31. Bh5 Be4+ 32. Bf3 Bxf3+ 33. Kxf3 Ra6 34. Rb7 Ra3+ 35. Ke4 Ra2 36.
h4 Rg2 37. hxg5 Rxg3 38. gxh6 Rh3 39. h7 Rxh7 40. Rxb5 Rh5 41. Rb7 Re5+ 42. Kd4 f5 43.
Rd7 f4 44. Rxd6 Re1 45. Rf6+ Ke7 46. Rxf4 Kd6 47. Rf6+ Kd7 48. Kc5 Rc1+ 49. Kb6 Rb1 50. b5 Ra1 51. Rc6 Kd8 52. Kb7 Rb1 53. b6 Kd7 54. Rh6 Kd8 55. Kb8 Kd7 56. b7 Ke7 57.
Rc6 Ra1 58. Kc7 Rb1 59. b8=Q Rxb8 60. Kxb8 Kd7 61. Kb7 Kd8 62. Kb6 Kd7 63. Kc5 Kd8 64. d6 Kd7 65. Rc7+ Kd8 66. Rh7 Kc8 67. Kc6 Kb8 68.
d7 Ka8 69. d8=Q# 1-0

[Event "*** SCC Grand Prix: Titled Tuesday Blitz"]
[Site "Chess.com"]
[Date "2020.08.11"]
[Round "10"]
[White "Paladin61"]
[Black "Gareth-Bale11"]
[Result "1-0"]
[WhiteElo "2675"]
[BlackElo "2802"]
[TimeControl "180+1"]
[EndTime "11:58:36 PDT"]
[Termination "Paladin61 won on time"]

1. b3 d5 2. Bb2 Nf6 3. Nf3 Bg4 4. g3 e6 5. Bg2 Nbd7 6. O-O Bd6 7.
d3 e5 8. h3 Bxf3 9. Bxf3 e4 10. Bg2 e3 11. f4 c5 12. Nc3 d4 13. Nb5 Be7 14. c3 a6 15. Na3 Nh5 16. Qe1 dxc3 17. Bxc3 O-O 18. Bxb7 Rb8 19. Bf3 Nhf6 20. Nc4 Re8 21.
Nxe3 Nb6 22. Nc4 Nbd5 23. Be5 Rb4 24. Qf2 Bf8 25. g4 Nc7 26. Rac1 Nd7 27. Bc3 Rb5 28. Bc6 Rb8 29. Bg2 Nf6 30. Kh1 Nfd5 31. Be5 f6 32. Ba1 Kh8 33. h4 Ne6 34. e3 Nb4 35. Rcd1 Qd7 36. g5 Qf7 37. a3 Red8 38. axb4 Rxb4 39. Bf3 Rxb3 40. Qc2 Rbb8 41. Rg1 a5 42. gxf6 gxf6 43. Bg4 Bg7 44. Bf5 Rg8 45. Be4 Nf8 46. Bf5 Ng6 47. h5 Ne7 48. Bg4 1-0